 Dungeon Crawl Stone Soup version 0.19.4-8-ga85b6b9 (webtiles) character file.

23946 protoss039 the Eclecticist (level 12, -6/62 HPs)
             Began as a Deep Elf Conjurer on Feb 13, 2017.
             Was a High Priest of Vehumet.
             Mangled by an ice devil (15 damage)
             ... in an ice cave.
             The game lasted 01:32:30 (13450 turns).

protoss039 the Eclecticist (Deep Elf Conjurer)     Turns: 13450, Time: 01:32:31

Health: -6/62      AC: 13    Str:  5    XL:     12   Next: 76%
Magic:  1/33       EV: 12    Int: 26    God:    Vehumet [*****.]
Gold:   685        SH:  9    Dex: 15    Spells: 6 memorised, 22 levels left

rFire  + . .     SeeInvis .     f - +10 mace of Umaerrikli {freeze, rElec MP-9 Stlth+}
rCold  . . .     Gourm    .     E - +3 leather armour {rF+}
rNeg   . . .     Faith    .     n - +0 buckler
rPois  .         Spirit   .     v - +0 helmet
rElec  +         Reflect  .     y - +0 cloak
rCorr  .         Harm     .     w - +1 pair of gloves
MR     +....                    o - +0 pair of boots
Stlth  +++.......               (no amulet)
                                r - ring of magical power
                                l - ring of wizardry

@: no status effects
A: hooves 1, large bone plates 1, yellow scales 1, blink
a: Blink, Renounce Religion


You were in an ice cave.
You worshipped Vehumet.
Vehumet was extremely pleased with you.
You were not hungry.

You visited 2 branches of the dungeon, and saw 13 of its levels.
You also visited: Bailey and Ice Cave.

You collected 685 gold pieces.

Inventory:

Hand Weapons
 f - the +10 mace of Umaerrikli (weapon) {freeze, rElec MP-9 Stlth+}
   (You took it off a wight on level 7 of the Dungeon)

   It has been specially enchanted to freeze those struck by it, causing extra
   injury to most foes and up to half again as much damage against particularly
   susceptible opponents.
   It can also slow down cold-blooded creatures.
   It insulates you from electricity.
   It affects your magic capacity (-9).
   It makes you more stealthy.
 C - a +4 mace
 Q - a +1 halberd of electrocution
Armour
 i - a +0 leather armour
 n - a +0 buckler (worn)
 o - a +0 pair of boots (worn)
 v - a +0 helmet (worn)
 w - a +1 pair of gloves (worn)
 y - a +0 cloak (worn)
 D - the +1 pair of gloves of Noughts and Crosses {rF+ rC- SInv Stlth+}
   (You found it on level 7 of the Dungeon)

   It protects you from fire.
   It makes you vulnerable to cold.
   It lets you see invisible.
   It makes you more stealthy.
 E - a +3 leather armour of fire resistance (worn)
 F - the +13 plate armour of Gasicwey {SInv}
   (You found it on level 6 of the Dungeon)

   It lets you see invisible.
Jewellery
 j - an uncursed ring of stealth
 l - a ring of wizardry (left hand)
 r - a ring of magical power (right hand)
Wands
 g - a wand of confusion (32/48)
 O - a wand of flame (20/48)
 W - a wand of random effects (22/48)
 Z - a wand of confusion (15/48)
Scrolls
 a - 3 scrolls of teleportation
 d - a scroll of enchant weapon
 e - 2 scrolls of silence {unknown}
 u - 3 scrolls of fear
 z - a scroll of recharging
 B - 3 scrolls of identify
 G - a scroll of acquirement {unknown}
 H - 2 scrolls of random uselessness {unknown}
 I - a scroll of torment {unknown}
 K - 7 scrolls of remove curse
 S - a scroll of fog {unknown}
 U - a scroll of enchant armour
 Y - a scroll of noise {unknown}
Potions
 k - 3 potions of cure mutation
 m - 2 potions of haste {unknown}
 q - 2 potions of heal wounds
 s - 2 potions of curing
 t - 2 potions of might {unknown}
 x - a potion of degeneration {unknown}
 A - 4 potions of lignification
 J - a potion of flight
 N - a potion of ambrosia {unknown}
 P - 7 potions of magic {unknown}
Books
 b - a book of Conjurations

   Spells                             Type                      Level
   a - Magic Dart                     Conjuration                  1
   b - Searing Ray                    Conjuration                  2
   c - Dazzling Spray                 Conjuration/Hexes            3
   d - Fulminant Prism                Conjuration/Hexes            4
   e - Iskenderun's Mystic Blast      Conjuration                  4
   f - Iskenderun's Battlesphere      Conjuration/Charms           5
 R - a book of Changes

   Spells                             Type                      Level
   a - Beastly Appendage              Transmutation                1
   b - Sticks to Snakes               Transmutation                2
   c - Spider Form                    Transmutation/Poison         3
   d - Ice Form                       Ice/Transmutation            4
   e - Blade Hands                    Transmutation                5
Comestibles
 c - 3 bread rations
 h - 7 fruits
 p - 9 meat rations
 L - 9 royal jellies
 M - 4 beef jerkies


   Skills:
 + Level 2.2 Fighting
 + Level 3.4 Maces & Flails
 - Level 3.0 Armour
 - Level 2.4 Dodging
 - Level 2.4 Stealth
 - Level 4.5 Shields
 * Level 15.4 Spellcasting
 + Level 13.0 Conjurations
 * Level 10.6 Hexes
 * Level 9.3 Charms


You had 22 spell levels left.
You knew the following spells:

 Your Spells              Type           Power        Failure   Level  Hunger
a - Magic Dart            Conj           ####         1%          1    None
b - Searing Ray           Conj           ######       1%          2    None
c - Dazzling Spray        Conj/Hex       ######       1%          3    None
d - Iskenderun's Mystic   Conj           ######..     1%          4    None
e - Fulminant Prism       Conj/Hex       ######....   1%          4    None
f - Iskenderun's Battles  Conj/Chrm      ######..     1%          5    None


Dungeon Overview and Level Annotations

Branches:
Dungeon (12/15)            Temple (1/1) D:5            Lair (0/6) D:10
    Orc (0/2) D:12

Altars:
Dithmenos
Elyvilon
Fedhas
Nemelex Xobeh
Ru
Sif Muna
Uskayaw
Vehumet
Xom
Jiyva

Shops:
D:12 (

Annotations:
D:3 Sigmund


Innate Abilities, Weirdness & Mutations

You have large cloven feet.
You are partially covered in large bone plates. (SH +4)
You are partially covered in yellow scales. (AC +2)
You can translocate small distances at will.


Message History

The ice devil is severely wounded.
The blast of energy engulfs the ice devil.
You kill the ice devil!
Vehumet accepts your kill.
Unknown command.
Unknown command.
Casting: Magic Dart
Confirm with . or Enter, or press ? or * to list all spells.
You don't have enough magic to cast that spell.
Unknown command.
Unknown command.
You hit the ice devil but do no damage.
The ice devil is severely wounded.
The ice devil hits you. The ice devil freezes you!
You closely miss the ice devil.
The ice devil is severely wounded.
The ice devil hits you!
* * * LOW HITPOINT WARNING * * *
The ice devil freezes you!
You die...

#..####§.≈§
##.....§§4
.......§§
#.......## #...###
### ###...##
..###### ####...##
.......##..)##..4##
#...........)###@.#
####..##.....##..*#
#...##....####..##
#...###.###...###
##....###....##
##........###
###....### ######


You could see an ice devil and a friendly battlesphere.

Vanquished Creatures
  2 hydras (D:11)
  5 hill giants
  An orc knight (Bailey)
  2 cyclopes (D:11)
  2 ice statues (IceCv)
  A gargoyle (D:11)
  A centaur skeleton (D:10)
  8 ice devils (IceCv)
  A troll (D:10)
  5 hornets
  2 two-headed ogres (D:11)
  6 slime creatures
  4 hippogriffs
  A shadow (D:11)
  20 yaks (D:11)
  5 wyverns
  3 hungry ghosts
  A steam dragon (D:11)
  2 mottled dragons (D:11)
  2 water moccasins
  A soldier ant (D:9)
  13 ice beasts
  4 sky beasts
  2 orc warriors
  A phantom (D:8)
  The ghost of empire the Cutter, an amateur DrMo of Dithmenos (D:4)
  2 wolves (D:10)
  7 ogres
  16 centaurs
  A crocodile (D:11)
  A big kobold (D:9)
  A gnoll sergeant (D:10)
  5 bullfrogs
  3 scorpions
  A water moccasin skeleton (D:10)
  8 killer bees
  9 wights
  A howler monkey (D:4)
  3 electric eels (D:10)
  7 crimson imps
  12 hounds
  2 quasits
  8 orc priests
  2 bullfrog skeletons (D:9)
  7 orc wizards
  6 jellies
  Terence (D:3)
  5 iguanas
  10 worker ants
  A howler monkey zombie (D:7)
  Robin (D:3)
  26 gnolls
  15 adders
  2 shadow imps
  6 white imps (IceCv)
  5 ufetubi (IceCv)
  An adder zombie (D:6)
  An adder skeleton (D:7)
  2 worms
  A dart slug (D:2)
  3 leopard geckos
  39 orcs
  4 giant cockroaches
  13 hobgoblins
  9 jackals
  4 quokkas
  2 ball pythons
  7 bats
  7 frilled lizards
  14 goblins
  25 kobolds
  2 leopard gecko skeletons
  11 rats
  A fulminant prism (D:7)
416 creatures vanquished.

Vanquished Creatures (others)
  A worker ant zombie (D:5)
  An adder (D:10)
  3 white imps (IceCv)
  5 ufetubi (IceCv)
  A quokka (D:9)
  124 fulminant prisms
135 creatures vanquished.

Grand Total: 551 creatures vanquished

Notes
Turn   | Place    | Note
-------+----------+-------------------------------------------
     0 | D:1      | protoss039 the Deep Elf Conjurer began the quest for the Orb.
     0 | D:1      | Reached XP level 1. HP: 10/10 MP: 6/6
    77 | D:1      | Reached XP level 2. HP: 10/15 MP: 0/8
   148 | D:1      | Learned a level 2 spell: Searing Ray
   201 | D:1      | Reached skill level 5 in Conjurations
   386 | D:1      | Found a sparkling altar of Nemelex Xobeh.
  1038 | D:2      | Reached XP level 3. HP: 19/19 MP: 2/9
  1049 | D:2      | Learned a level 3 spell: Dazzling Spray
  1804 | D:3      | Noticed Robin
  1811 | D:3      | Reached XP level 4. HP: 15/24 MP: 1/11
  1948 | D:3      | Killed Robin
  2403 | D:2      | Reached XP level 5. HP: 23/28 MP: 2/12
  2519 | D:3      | Reached skill level 1 in Hexes
  2581 | D:3      | Reached skill level 4 in Spellcasting
  2645 | D:3      | Found a shadowy altar of Dithmenos.
  2697 | D:3      | Noticed Sigmund
  2835 | D:4      | Noticed empire's ghost (amateur DrMo)
  2871 | D:4      | Killed empire's ghost
  2871 | D:4      | Reached skill level 1 in Armour
  2871 | D:4      | Reached XP level 6. HP: 19/32 MP: 1/14
  3491 | D:3      | Noticed Terence
  3518 | D:3      | Killed Terence
  3880 | D:4      | Reached XP level 7. HP: 36/37 MP: 14/16
  3966 | D:4      | Found a blossoming altar of Fedhas.
  4017 | D:4      | Reached skill level 5 in Spellcasting
  4238 | D:5      | Entered Level 5 of the Dungeon
  4353 | D:5      | Reached skill level 1 in Shields
  4364 | D:5      | Got a warped trident
  4381 | D:5      | Identified the cursed +3 trident of Shrieking Terror {protect, Stlth+} (You found it on level 5 of the Dungeon)
  4651 | D:5      | Learned a level 4 spell: Iskenderun's Mystic Blast
  4656 | D:5      | Learned a level 4 spell: Fulminant Prism
  4742 | D:5      | Reached XP level 8. HP: 17/42 MP: 3/18
  4922 | D:5      | Found a shimmering altar of Xom.
  5132 | D:5      | Reached skill level 6 in Spellcasting
  5159 | D:5      | Found a staircase to the Ecumenical Temple.
  5168 | Temple   | Entered the Ecumenical Temple
  5177 | Temple   | Became a worshipper of Vehumet
  5728 | D:6      | Reached skill level 1 in Fighting
  5728 | D:6      | Reached skill level 5 in Hexes
  5728 | D:6      | Reached skill level 7 in Spellcasting
  5999 | D:6      | Got a spiked plate armour
  6033 | D:6      | Gained mutation: You have large cloven feet. [potion of mutation]
  6033 | D:6      | Gained mutation: You are partially covered in yellow scales. (AC +2) [potion of mutation]
  6033 | D:6      | Gained mutation: Armour fits poorly on your strangely shaped body. [potion of mutation]
  6034 | D:6      | Gained mutation: You have sharp fingernails. [potion of mutation]
  6034 | D:6      | Lost mutation: You have sharp fingernails. [potion of mutation]
  6084 | D:6      | Identified the +13 plate armour of Gasicwey {SInv} (You found it on level 6 of the Dungeon)
  6184 | D:6      | Reached XP level 9. HP: 47/47 MP: 21/21
  6316 | D:6      | Reached skill level 10 in Conjurations
  6397 | D:7      | Reached * piety under Vehumet
  6397 | D:7      | Offered knowledge of Sting by Vehumet.
  6604 | D:7      | Got a shimmering mace {freeze}
  6618 | D:7      | Got a pair of transparent gloves
  6629 | D:7      | Identified the +1 pair of gloves of Noughts and Crosses {rF+ rC- SInv Stlth+} (You found it on level 7 of the Dungeon)
  6629 | D:7      | Identified the +10 mace of Umaerrikli {freeze, rElec MP-9 Stlth+} (You took it off a wight on level 7 of the Dungeon)
  7279 | D:8      | Reached skill level 1 in Maces & Flails
  7279 | D:8      | Reached skill level 8 in Spellcasting
  8076 | D:8      | Learned a level 5 spell: Iskenderun's Battlesphere
  8091 | D:8      | Noticed a hill giant
  8105 | D:8      | Killed a hill giant
  8105 | D:8      | Reached skill level 9 in Spellcasting
  8105 | D:8      | Reached XP level 10. HP: 39/52 MP: 8/25
  8218 | D:8      | Gained mutation: You are partially covered in large bone plates. (SH +4) [mutagenic meat]
  8516 | D:9      | Reached skill level 1 in Charms
  8560 | D:9      | Found a white marble altar of Elyvilon.
  8614 | D:9      | Offered knowledge of Throw Frost by Vehumet.
  8751 | D:9      | Reached ** piety under Vehumet
  8897 | D:9      | Reached skill level 10 in Spellcasting
  9420 | D:9      | Reached skill level 11 in Spellcasting
  9671 | D:10     | Entered Level 10 of the Dungeon
  9862 | D:10     | Found a flagged portal.
  9874 | Bailey   | Entered a bailey
  9919 | Bailey   | Offered knowledge of Ignite Poison by Vehumet.
  9978 | Bailey   | Reached *** piety under Vehumet
 10141 | Bailey   | Noticed an orc knight
 10169 | Bailey   | Killed an orc knight
 10170 | Bailey   | Offered knowledge of Force Lance by Vehumet.
 10297 | D:10     | Reached skill level 5 in Charms
 10300 | D:10     | Reached XP level 11. HP: 54/56 MP: 17/28
 10315 | D:10     | HP: 1/56 [fulminant prism[the player character] (32)]
 10499 | D:10     | Found a staircase to the Lair.
 10512 | D:10     | Gained mutation: You expend magic power (3 MP) to strengthen your wands. [mutagenic meat]
 10513 | D:10     | Gained mutation: You are agile. (Dex +2) [mutagenic meat]
 10514 | D:10     | Gained mutation: You can translocate small distances at will. [mutagenic meat]
 10515 | D:10     | Gained mutation: You occasionally shout uncontrollably at your foes. [mutagenic meat]
 10515 | D:10     | Lost mutation: You expend magic power (3 MP) to strengthen your wands. [potion of cure mutation]
 10515 | D:10     | Lost mutation: You occasionally shout uncontrollably at your foes. [potion of cure mutation]
 10515 | D:10     | Lost mutation: You are agile. (Dex +2) [potion of cure mutation]
 10515 | D:10     | Lost mutation: Armour fits poorly on your strangely shaped body. [potion of cure mutation]
 10583 | D:10     | Reached **** piety under Vehumet
 10599 | D:10     | Noticed a hill giant
 10693 | D:9      | Offered knowledge of Venom Bolt by Vehumet.
 10814 | D:10     | Noticed a hill giant
 10829 | D:10     | Killed a hill giant
 10829 | D:10     | Reached skill level 12 in Spellcasting
 11180 | D:10     | Killed a hill giant
 11537 | D:11     | Found a viscous altar of Jiyva.
 11562 | D:11     | Reached skill level 13 in Spellcasting
 11739 | D:11     | Noticed a five-headed hydra
 11745 | D:11     | Killed a five-headed hydra
 11966 | D:11     | Reached XP level 12. HP: 62/62 MP: 23/31
 12002 | D:11     | Reached ***** piety under Vehumet
 12013 | D:11     | Noticed a four-headed hydra
 12020 | D:11     | Offered knowledge of Conjure Ball Lightning by Vehumet.
 12023 | D:11     | Killed a four-headed hydra
 12023 | D:11     | Reached skill level 14 in Spellcasting
 12066 | D:11     | Reached skill level 10 in Hexes
 12695 | D:12     | Found a frozen archway.
 12767 | D:12     | Reached skill level 15 in Spellcasting
 12782 | D:12     | Found Doasoadd's Antique Weapon Emporium.
 12805 | IceCv    | Entered an ice cave
 13450 | IceCv    | Mangled by an ice devil

Skill      XL: |  1  2  3  4  5  6  7  8  9 10 11 12 |
---------------+-------------------------------------+-----
Conjurations   | 5 6 7 8 9 11 12 13 | 13.0
Hexes          | 2 3 5 6 8 9 10 | 10.6
Spellcasting   | 4 5 7 9 11 13 15 | 15.4
Armour         | 1 2 3 |  3.0
Shields        | 1 2 3 4 |  4.5
Fighting       | 1 2 |  2.2
Maces & Flails | 1 2 3 |  3.4
Charms         | 5 7 9 |  9.3
Dodging        | |  2.4
Stealth        | |  2.4

Action                   |  1- 3 |  4- 6 |  7- 9 | 10-12 || total
-------------------------+-------+-------+-------+-------++-------
Melee: Short sword       |     6 |       |       |       ||     6
       Mace              |     2 |    24 |    24 |    74 ||   124
 Cast: Magic Dart        |    48 |   128 |   120 |   212 ||   508
       Searing Ray       |    14 |    33 |    53 |    62 ||   162
       Dazzling Spray    |     1 |     5 |     6 |     7 ||    19
       Iskenderun's Myst |       |       |     4 |     7 ||    11
       Fulminant Prism   |       |       |    25 |   100 ||   125
       Iskenderun's Batt |       |       |       |    21 ||    21
 Abil: Blink             |       |       |       |     1 ||     1
  Use: Scroll            |     2 |     8 |    10 |     5 ||    25
       Potion            |       |       |     6 |     6 ||    12
  Eat: Chunk             |     3 |     7 |    12 |    24 ||    46
       Royal jelly       |       |       |     1 |       ||     1
       Beef jerky        |       |       |     1 |       ||     1
       Pizza             |       |       |       |     1 ||     1
Armor: Robe              |     2 |       |       |       ||     2
       Leather armour    |     2 |    28 |    38 |    83 ||   151
Dodge: Dodged            |    16 |    40 |    58 |   138 ||   252
Block: Buckler           |     1 |     8 |    22 |   128 ||   159
